 Dungeon Crawl Stone Soup version bcrawl-1.18.1 (webtiles) character file.

Game seed: 2259280336083477157

107 Revguard the Slasher (level 4, -3/35 HPs)
             Began as a Barachi Gladiator on Nov 8, 2019.
             Slain by an orc priest
             ... wielding a +0 flail
              (10 damage)
             ... on level 3 of the Dungeon.
             The game lasted 00:06:01 (2344 turns).

Revguard the Slasher (Barachi Gladiator)            Turns: 2344, Time: 00:06:02

Health: -3/35      AC:  5    Str: 15    XL:     4   Next: 85%
Magic:  4/4        EV: 19    Int:  8    God:
Gold:   154        SH:  2    Dex: 20    Spells: 3/3 levels left

rFire    . . .     SeeInvis .   a - +1 long sword
rCold    . . .     Gourm    .   (no shield)
rNeg     . . .     Faith    .   b - +0 leather armour
rPois    .         Spirit   .   c - +0 helmet
rElec    .         Reflect  .   (no cloak)
rCorr    .         Harm     .   (no gloves)
MR       .....                  i - +0 pair of boots
Stlth    +++.......             (no amulet)
HPRegen  0.11/turn              (no ring)
MPRegen  0.09/turn              (no ring)

@: agile, can't hop, slow
A: +LOS, swims, slowness 1, strong legs 1
a: Hop


You were on level 3 of the Dungeon.
You were not hungry.

You visited 1 branch of the dungeon, and saw 3 of its levels.

You collected 154 gold pieces.

Inventory:

Hand Weapons
 a - a +1 long sword (weapon)
Missiles
 d - 2 throwing nets (quivered) {!f}
Armour
 b - a +0 leather armour (worn)
 c - a +0 helmet (worn)
 i - a +0 pair of boots (worn)
Wands
 h - a wand of acid (9)
Scrolls
 g - 2 scrolls of amnesia
 l - a scroll of fog
Potions
 e - a potion of flight
 n - a potion of mutation {unknown}
Comestibles
 f - 3 rations {!d}


   Skills:
 + Level 3.0 Fighting
 + Level 4.8 Long Blades
 - Level 2.0 Throwing
 * Level 2.5 Armour
 + Level 4.0 Dodging
 + Level 0.1 Stealth


You had 3 spell levels left.
You didn't know any spells.
Your spell library was empty.

Dungeon Overview and Level Annotations

Branches:
Dungeon (3/12)

Altars:
Yredelemnul


Innate Abilities, Weirdness & Mutations

Shadows flee at your approach. (+LOS)
You can swim through water.
You cover ground slowly.
You can hop short distances.


Message History

The puff of flame hits you!
* * * LOW HITPOINT WARNING * * *
You feel better. The orc misses you.
The orc priest mumbles some strange prayers to Beogh against you.
Pain shoots through your body!
* * * LOW HITPOINT WARNING * * *
The orc wizard mumbles some strange words.
The orc wizard flickers and vanishes!
Deactivating autopickup; reactivate with Ctrl-A.
It was a potion of agility.
You feel agile all of a sudden. The orc completely misses you.
Something hits you but does no damage.
You hit the orc priest.
The orc priest is almost dead.
The orc closely misses you. The orc priest misses you.
Something hits you but does no damage. The orc barely misses you.
You hit the orc priest but do no damage.
The orc priest is almost dead.
The orc priest hits you with a +0 flail!
You die...

#.........# ##+#####
#........)# #......#
#...)...... #.....?#
#........## #......#
#........## #......#
#........'.
#.(....######........##
#....o{!....'..........
#....o@....##..........
#..........##........#.
#..........#####+###...
##+####....# #># #.#.
####+## #.# #.#. ....#
#.# #.#. # #..# #.#
#.#. . #..######.###.#.
#.#....รท).....#.#.


You could see an orc priest and an orc.

Vanquished Creatures
  An orc priest (D:3)
  An adder (D:3)
  An ooze (D:1)
  3 dart slugs
  3 leopard geckos
  4 orcs (D:3)
  3 bats (D:1)
  3 giant cockroaches
  7 goblins
  5 hobgoblins
  A ball python (D:1)
  4 frilled lizards
  13 kobolds
  2 rats (D:1)
51 creatures vanquished.

Notes
Turn   | Place    | Note
-------+----------+-------------------------------------------
     0 | D:1      | Revguard the Barachi Gladiator began the quest for the Orb.
     0 | D:1      | Reached XP level 1. HP: 17/17 MP: 1/1
   131 | D:1      | Reached XP level 2. HP: 20/23 MP: 2/2
   211 | D:1      | Reached skill level 1 in Armour
   503 | D:1      | Reached XP level 3. HP: 17/28 MP: 3/3
  1091 | D:2      | Found a basalt altar of Yredelemnul.
  1647 | D:2      | Reached XP level 4. HP: 34/34 MP: 4/4
  2344 | D:3      | Slain by an orc priest

Skill      XL: |  1  2  3  4 |
---------------+-------------+-----
Armour         | 1 2 |  2.5
Long Blades    | 4 |  4.8
Dodging        | 4 |  4.0
Fighting       | 3 |  3.0
Throwing       | |  2.0
Stealth        | |  0.1

Action                   |  1- 3 |  4- 6 || total
-------------------------+-------+-------++-------
Melee: Long sword        |   129 |    49 ||   178
Throw: Throwing net      |       |     1 ||     1
 Abil: Hop               |       |     2 ||     2
  Use: Scroll            |     2 |     6 ||     8
       Potion            |     2 |     3 ||     5
  Eat: Chunk             |     3 |     3 ||     6
Armor: Leather armour    |    37 |     7 ||    44
Dodge: Dodged            |   128 |    52 ||   180
Block: Other             |     2 |     7 ||     9
